 Dungeon Crawl Stone Soup version 0.31.0-11-ge490571c62 (webtiles) character file.

Game seed: 1820439051134881245

445 qw the Ducker (level 6, -9/30 HPs)
             Began as a Spriggan Hunter on Feb 4, 2024.
             Mangled by a gnoll
             ... wielding a +0 halberd
             ... led by a gnoll bouda
              (11 damage)
             ... on level 4 of the Dungeon.
             The game lasted 00:00:12 (2890 turns).

qw the Ducker (Spriggan Hunter)                     Turns: 2890, Time: 00:00:13

Health: -9/30      AC:  4    Str:  5    XL:     6   Next: 72%
Magic:  7/7        EV: 22    Int: 11    God:
Gold:   161        SH:  0    Dex: 20    Spells: 5/5 levels left

rFire   . . .        a - +0 shortbow
rCold   . . .        (shield currently unavailable)
rNeg    . . .        c - +0 robe
rPois   .            (helmet restricted)
rElec   .            (no cloak)
rCorr   .            (gloves unavailable)
SInv    +            (boots unavailable)
Will    +....        (no amulet)
Stlth   ++           (no ring)
HPRegen 0.25/turn    (no ring)
MPRegen 0.10/turn

%: no passive effects
@: about to teleport, very quick
A: very small, no large weapons, unfitting armour, see invisible, speed 3,
iridescent scales 1, weak 1
a: no special abilities


You were on level 4 of the Dungeon.
You visited 1 branch of the dungeon, and saw 4 of its levels.

You collected 161 gold pieces.


Innate Abilities, Weirdness & Mutations

You are very small and have problems with some larger weapons.
You are too small for most types of armour.
You have supernaturally acute eyesight. (SInv)
You cover ground extremely quickly. (Speed+++)
You are partially covered in iridescent scales. (AC +2)
You are weak. (Str -2)


   Skills:
 - Level 2.0 Fighting
 + Level 6.4 Ranged Weapons
 - Level 6.7 Dodging
 - Level 1.5 Stealth


You had 5 spell levels left.
You didn't know any spells.
Your spell library was empty.

Inventory:

Hand Weapons
 a - a +0 shortbow (weapon)
Armour
 c - a +0 robe (worn)
Potions
 b - a potion of might
 d - 2 potions of heal wounds
 e - a potion of mutation
 g - a potion of curing {unknown}
 k - a potion of enlightenment {unknown}

Dungeon Overview and Level Annotations

Branches:
Dungeon (4/15)
 Temple: D:4-7

Altars:
Ashenzari
Cheibriados
Kikubaaqudgha
Uskayaw

Shops:
D:4 (


Message History

The gnoll is severely wounded.
The gnoll bouda gazes fiercely through you!
You feel your attacks grow feeble. The gnoll completely misses you.
You shoot an arrow. The arrow hits the gnoll.
You kill the gnoll!
The gnoll bouda gazes fiercely through you!
You feel as though you will be weak longer.
You shoot an arrow. The arrow hits the gnoll bouda.
The gnoll bouda is severely wounded.
The gnoll completely misses you. The gnoll bouda completely misses you.
You shoot an arrow.
The arrow hits the gnoll bouda but does no damage.
The gnoll bouda is severely wounded.
The gnoll misses you. The gnoll bouda closely misses you.
You shoot an arrow. The arrow hits the gnoll bouda.
The gnoll bouda is almost dead.
The gnoll hits you from afar with a +0 halberd!
The gnoll bouda closely misses you.
You shoot an arrow.
The arrow closely misses the gnoll bouda.
The gnoll completely misses you.
The gnoll bouda hits you with a +0 club.
You shoot an arrow. The arrow hits the gnoll bouda.
You kill the gnoll bouda!
The gnoll closely misses you.
You shoot an arrow.
The arrow hits the gnoll but does no damage.
The gnoll misses you.
You shoot an arrow. The arrow hits the gnoll.
The gnoll is heavily wounded.
Your attacks no longer feel as feeble.
The gnoll completely misses you.
The gnoll hits you from afar with a +0 halberd!
Ouch! That really hurt!
2890 ||| READING scroll of teleportation.
As you read the scroll of teleportation, it crumbles to dust.
You feel strangely unstable.
The gnoll hits you from afar with a +0 halberd!
You die...

#.......#
#.......#
#.......#
#.......#
#.......#
#.......#
#.......#
#.......#
#....@..#
#[...)).#
#......g#
##+#####..
... ....
... ...


You could see a gnoll (swift).

Vanquished Creatures
  Sigmund (D:4)
  A black bear (D:3)
  A gnoll bouda (D:4)
  6 gnolls
  2 adders
  4 dart slugs (D:1)
  A ribbon worm (D:2)
  5 ball pythons
  5 bats
  5 endoplasms
  8 giant cockroaches
  3 goblins
  7 hobgoblins
  9 jackals
  2 quokkas
  8 frilled lizards
  5 kobolds
  9 rats
82 creatures vanquished.

Vanquished Creatures (others)
  A hobgoblin (D:4)
1 creature vanquished.

Grand Total: 83 creatures vanquished

Notes
Turn   | Place    | Note
-------+----------+-------------------------------------------
     0 | D:1      | qw the Spriggan Hunter began the quest for the Orb.
     0 | D:1      | Reached XP level 1. HP: 10/10 MP: 2/2
     0 | D:1      | 0 ||| qw: Version: 0.3-a-160-g6735b56
     0 | D:1      | 0 ||| qw: Game counter: 5064
     0 | D:1      | 0 ||| qw: Melee chars always use a shield: true
     0 | D:1      | 0 ||| qw: God list: Okawaru
     0 | D:1      | 0 ||| qw: Allow faded altars: false
     0 | D:1      | 0 ||| qw: Do Orc after clearing Dungeon:15 true
     0 | D:1      | 0 ||| qw: Do second Lair branch before Depths: true
     0 | D:1      | 0 ||| qw: Lair rune preference: random
     0 | D:1      | 0 ||| qw: Goals: Normal
     0 | D:1      | 0 ||| PLANNING D:1-11
    22 | D:1      | Reached skill level 3 in Dodging
    66 | D:1      | Reached XP level 2. HP: 14/14 MP: 3/3
   299 | D:1      | Reached XP level 3. HP: 18/18 MP: 4/4
   955 | D:1      | 955 ||| READING 2 scrolls labelled UDOHONT ZIERCH.
   958 | D:1      | 958 ||| READING scroll labelled BAOMPACYST.
   959 | D:1      | 959 ||| READING 2 scrolls labelled RERA GOTAA.
   959 | D:1      | 959 ||| IDENTIFYING pink potion
   960 | D:1      | 960 ||| READING scroll of identify.
   960 | D:1      | 960 ||| IDENTIFYING fuming golden potion
   961 | D:1      | 961 ||| DROPPING scroll of butterflies.
   962 | D:1      | 962 ||| DROPPING potion of attraction.
  1188 | D:2      | Reached XP level 4. HP: 22/22 MP: 5/5
  1527 | D:2      | 1527 ||| READING scroll of identify.
  1527 | D:2      | 1527 ||| IDENTIFYING inky potion
  1528 | D:2      | 1528 ||| READING 2 scrolls labelled BIDWON GAECIGA.
  1529 | D:2      | 1529 ||| READING scroll labelled KUNOTR ZIONUVI.
  1530 | D:2      | 1530 ||| READING scroll labelled YHASIA VUEL.
  1530 | D:2      | 1530 ||| ENCHANTING +0 shortbow.
  1531 | D:2      | 1531 ||| DRINKING 2 grey potions.
  1531 | D:2      | Gained mutation: You are weak. (Str -2) [potion of
                  | mutation]
  1531 | D:2      | Gained mutation: You are partially covered in iridescent
                  | scales. (AC +2) [potion of mutation]
  1532 | D:2      | 1532 ||| DROPPING scroll of revelation.
  1599 | D:3      | 1599 ||| FLEEEEING.
  1619 | D:3      | Found a faded altar of an unknown god.
  1695 | D:3      | Found a broken altar of Ashenzari.
  1695 | D:3      | Found a hide-covered altar of Uskayaw.
  1741 | D:3      | Found a snail-covered altar of Cheibriados.
  1879 | D:3      | Reached XP level 5. HP: 26/26 MP: 6/6
  2073 | D:3      | Found an ancient bone altar of Kikubaaqudgha.
  2253 | D:3      | Identified the +1 leather armour "Kionweta" {^Contam
                  | Rampage rF+++ Will-}
  2479 | D:3      | 2479 ||| READING 3 scrolls of identify.
  2479 | D:3      | 2479 ||| IDENTIFYING sedimented orange potion
  2480 | D:3      | 2480 ||| READING 2 scrolls of identify.
  2480 | D:3      | 2480 ||| IDENTIFYING green potion
  2481 | D:3      | 2481 ||| READING scroll of identify.
  2481 | D:3      | 2481 ||| IDENTIFYING brown potion
  2482 | D:3      | 2482 ||| DROPPING potion of berserk rage.
  2483 | D:3      | 2483 ||| DROPPING potion of brilliance.
  2505 | D:4      | Noticed Sigmund
  2506 | D:4      | 2506 ||| DRINKING potion of haste.
  2514 | D:4      | 2514 ||| STAIRDANCE
  2546 | D:4      | 2546 ||| STAIRDANCE
  2561 | D:4      | Noticed a black bear
  2562 | D:4      | 2562 ||| STAIRDANCE
  2590 | D:4      | 2590 ||| STAIRDANCE
  2594 | D:4      | 2594 ||| STAIRDANCE
  2607 | D:3      | HP: 4/26 [black bear (4)]
  2608 | D:3      | 2608 ||| READING 2 scrolls of teleportation.
  2609 | D:3      | 2609 ||| DRINKING potion of heal wounds.
  2713 | D:3      | Killed a black bear
  2714 | D:3      | Reached skill level 6 in Ranged Weapons
  2741 | D:4      | Killed Sigmund
  2742 | D:4      | Reached skill level 6 in Dodging
  2742 | D:4      | Reached XP level 6. HP: 25/30 MP: 7/7
  2840 | D:4      | Found Ygam's Weapon Shoppe.
  2889 | D:4      | HP: 2/30 [gnoll/+0 halberd[a gnoll bouda] (15)]
  2890 | D:4      | 2890 ||| READING scroll of teleportation.
  2890 | D:4      | Mangled by a gnoll

Levels and vault maps discovered:
D:1:      dpeg_arrival_ratfight, layout_basic, minmay_close_crescents
D:2:      layout_loops_cross, grunt_decor_one_mirror, minmay_small_reverse_x
D:3:      layout_loops_corners, mainiacjoe_overflow_tiny_flanked,
          kiku_gazebo_garden_becter, amethyst_overflow_temple_binary,
          basic_ecumenical_altar
D:4:      minmay_diamond_boxcup, layout_gridville, serial_shops,
          nicolae_take_the_stairs, reono_crystal_passage, grunt_ministairs_14,
          uniq_robin, uniq_sigmund

Skill      XL: |  1  2  3  4  5 |
---------------+----------------+-----
Dodging        | 3 4 5 6 |  6.7
Ranged Weapons | 5 6 |  6.4
Fighting       | 2 |  2.0
Stealth        | |  1.5

Action                     |  1- 3 |  4- 6 || total
---------------------------+-------+-------++-------
   Fire: Shortbow          |   142 |   137 ||   279
    Use: Scroll            |     4 |     9 ||    13
         Potion            |       |     3 ||     3
 Armour: Robe              |    23 |    34 ||    57
  Dodge: Dodged            |    67 |    75 ||   142

Table legend:
 A = Non-vault XP
 B = Vault XP
 C = Vault XP percentage of total XP
 D = Non-vault monster count
 E = Vault monster count
 F = Vault count percentage of total count
                 A         B        C        D         E       F
            +---------+---------+-------+---------+---------+-------
      Total |     387 |     250 |  39.2 |      65 |      17 |  20.7
            +---------+---------+-------+---------+---------+-------
        D:1 |      51 |      16 |  23.9 |      27 |      10 |  27.0
        D:2 |      38 |       8 |  17.4 |      14 |       4 |  22.2
        D:3 |     226 |       0 |   0.0 |      20 |       0 |   0.0
        D:4 |      72 |     226 |  75.8 |       4 |       3 |  42.9
            +---------+---------+-------+---------+---------+-------
